 Dungeon Crawl Stone Soup version 0.19-a0-1740-g0bcaf2e (webtiles) character file.

355 gottagoquickly the Chopper (level 6, -5/55 HPs)
             Began as a Minotaur Monk on Oct 1, 2016.
             Was a Believer of the Shining One.
             Slain by a hippogriff (6 damage)
             ... on level 7 of the Dungeon.
             The game lasted 00:07:38 (1463 turns).

gottagoquickly the Chopper (Minotaur Monk)          Turns: 1463, Time: 00:07:39

Health: -5/55      AC: 12    Str: 18    XL:     6   Next: 36%
Magic:  3/5        EV:  6    Int:  7    God:    the Shining One [**....]
Gold:   100        SH:  6    Dex: 12    Spells: 0 memorised, 5 levels left

rFire  + . .     SeeInvis .     a - +0 hand axe
rCold  + . .     Gourm    .     e - +0 plate armour
rNeg   + . .     Faith    .     (no shield)
rPois  +         Spirit   .     (helmet restricted)
rElec  +         Dismiss  .     (no cloak)
rCorr  +         Reflect  .     (no gloves)
MR     .....     Harm     .     c - +0 pair of boots
Stlth  ..........               (no amulet)
                                (no ring)
                                f - ring of poison resistance

@: divine shield, resistant, glowing
A: retaliatory headbutt, horns 2
a: Divine Shield, Renounce Religion


You were on level 7 of the Dungeon.
You worshipped the Shining One.
The Shining One was pleased with you.
You were not hungry.

You visited 1 branch of the dungeon, and saw 7 of its levels.

You collected 100 gold pieces.

Inventory:

Hand Weapons
 a - a +0 hand axe (weapon)
Missiles
 o - 2 throwing nets (quivered)
Armour
 c - a +0 pair of boots (worn)
 e - a +0 plate armour (worn)
Jewellery
 f - a ring of poison resistance (left hand)
Scrolls
 b - a scroll of enchant weapon {unknown}
 g - a scroll of recharging
 j - a scroll of enchant armour {unknown}
 k - 2 scrolls of remove curse
 p - a scroll of fear {unknown}
 q - a scroll of identify {unknown}
Potions
 i - 2 potions of curing {unknown}
 l - a potion of resistance
 n - a potion of berserk rage {unknown}
Comestibles
 d - a bread ration
 h - 6 chunks of flesh
 m - a royal jelly
 r - a meat ration


   Skills:
 - Level 4.8 Fighting
 * Level 6.8 Axes
 + Level 3.6 Armour
 - Level 3.2 Dodging
 - Level 1.5 Stealth
 + Level 1.0 Invocations


You had 5 spell levels left.
You didn't know any spells.

Dungeon Overview and Level Annotations

Branches:
Dungeon (7/15)
 Temple: D:4-7

Altars:
Nemelex Xobeh
Uskayaw
Vehumet
Yredelemnul
The Shining One


Innate Abilities, Weirdness & Mutations

You reflexively headbutt those who attack you in melee.
You have a pair of horns on your head.


Message History

You hit the hippogriff.
The hippogriff is severely wounded.
The hippogriff bites you but does no damage.
The hippogriff pecks you but does no damage.
The hippogriff claws you but does no damage.
Unknown command.
Unknown command.
You hit the hippogriff.
The hippogriff is almost dead.
The hippogriff bites you but does no damage.
The hippogriff pecks you but does no damage.
The hippogriff claws you.
* * * LOW HITPOINT WARNING * * *
Unknown command.
It was a potion of resistance.
You feel protected.
The hippogriff bites you but does no damage.
The hippogriff pecks you but does no damage.
The hippogriff claws you.
You die...

#. #. ###. ...
####.######
.$......H.#
########...#@#
.......<...#.#
F..###.#[..#.#
#.#...#.#
###...#.#
#...#.#
#...#.#
....#.. #.#.#


You could see a hippogriff.

Vanquished Creatures
  A scorpion (D:5)
  A jelly (D:5)
  A centaur zombie (D:6)
  Jessica (D:2)
  3 orc wizards
  A worker ant (D:4)
  4 gnolls (D:5)
  2 adders
  2 leopard geckos
  10 orcs
  2 bats (D:1)
  3 giant cockroaches (D:3)
  5 hobgoblins
  10 jackals
  A kobold (D:1)
  2 ball pythons
  4 goblins (D:1)
  2 rats
55 creatures vanquished.

Notes
Turn   | Place    | Note
-------+----------+-------------------------------------------
     0 | D:1      | gottagoquickly the Minotaur Monk began the quest for the Orb.
     0 | D:1      | Reached XP level 1. HP: 19/19 MP: 0/0
   115 | D:1      | Reached skill level 1 in Armour
   139 | D:1      | Reached skill level 4 in Axes
   139 | D:1      | Reached XP level 2. HP: 27/27 MP: 1/1
   294 | D:2      | Found a sparkling altar of Nemelex Xobeh.
   368 | D:3      | Reached XP level 3. HP: 30/33 MP: 2/2
   436 | D:2      | Noticed Jessica
   531 | D:2      | Killed Jessica
   531 | D:2      | Reached skill level 4 in Fighting
   531 | D:2      | Reached skill level 2 in Armour
   641 | D:5      | Entered Level 5 of the Dungeon
   687 | D:5      | Reached XP level 4. HP: 40/40 MP: 3/3
   696 | D:5      | Reached skill level 5 in Axes
   790 | D:4      | Noticed an ogre
   821 | D:3      | Found a radiant altar of Vehumet.
   911 | D:4      | Noticed a phantom
   926 | D:4      | Noticed an ogre
  1041 | D:4      | Found a glowing golden altar of the Shining One.
  1046 | D:4      | Found a basalt altar of Yredelemnul.
  1052 | D:4      | Noticed an angel
  1057 | D:4      | Became a worshipper of the Shining One
  1057 | D:4      | Reached * piety under the Shining One
  1057 | D:4      | Reached ** piety under the Shining One
  1124 | D:4      | Reached XP level 5. HP: 44/47 MP: 4/4
  1237 | D:5      | Reached skill level 6 in Axes
  1237 | D:5      | Reached skill level 3 in Armour
  1242 | D:5      | Found a hide-covered altar of Uskayaw.
  1278 | D:5      | Noticed an ogre
  1299 | D:6      | Reached XP level 6. HP: 46/55 MP: 5/5
  1301 | D:6      | Noticed an orc warrior
  1359 | D:6      | Reached skill level 1 in Invocations
  1434 | D:7      | Noticed a hippogriff
  1460 | D:7      | HP: 5/55 [hippogriff (4)]
  1462 | D:7      | HP: 1/55 [hippogriff (4)]
  1463 | D:7      | Slain by a hippogriff

Vault maps used:
D:1:      saegor_arrival_simple_a
D:2:      nemelex_altar_shiori, serial_bayou_pond_e, corexii_hall_statues_t,
          uniq_jessica
D:3:      lemuel_round_altar
D:4:      grunt_temple_overflow_holy_war, first_bread
D:5:      eat_drink_and_be_merry_uskayaw, nicolae_ossuary_entry_catacombs,
          uniq_prince_ribbit1, uniq_grinder

Skill      XL: |  1  2  3  4  5  6 |
---------------+-------------------+-----
Armour         | 1 2 3 |  3.6
Axes           | 4 5 6 |  6.8
Fighting       | 4 |  4.8
Invocations    | 1 |  1.0
Dodging        | |  3.2
Stealth        | |  1.5

Action                   |  1- 3 |  4- 6 || total
-------------------------+-------+-------++-------
Melee: Hand axe          |    64 |    98 ||   162
       Headbutt          |    10 |    22 ||    32
Invok: Divine Shield     |       |     1 ||     1
  Use: Scroll            |     5 |       ||     5
       Potion            |       |     1 ||     1
  Eat: Chunk             |       |     2 ||     2
Armor: Plate armour      |    56 |    79 ||   135
Dodge: Dodged            |    34 |    40 ||    74
Block: Other             |       |     5 ||     5
